 Dungeon Crawl Stone Soup version 0.22-a0-99-g1ac4c55 (webtiles) character file.

54 lemonriz the Ruffian (level 3, -7/28 HPs)
             Began as a Draconian Transmuter on Jan 25, 2018.
             Killed from afar by an orc wizard (9 damage)
             ... with a puff of flame
             ... on level 2 of the Dungeon.
             The game lasted 00:02:15 (1363 turns).

lemonriz the Ruffian (Draconian Transmuter)         Turns: 1363, Time: 00:02:16

Health: -7/28      AC:  5    Str: 12    XL:     3   Next: 66%
Magic:  5/6        EV: 12    Int: 14    God:
Gold:   126        SH:  0    Dex: 11    Spells: 0/6 levels left

rFire    . . .     SeeInvis .     - Unarmed
rCold    . . .     Gourm    .   (no shield)
rNeg     . . .     Faith    .   (armour unavailable)
rPois    .         Spirit   .   (helmet restricted)
rElec    .         Reflect  .   (no cloak)
rCorr    +         Harm     .   (no gloves)
MR       .....                  (no boots)
Stlth    +.........             (no amulet)
HPRegen  0.09/turn              l - ring of resist corrosion
MPRegen  0.10/turn              (no ring)

@: appendage
A: unfitting armour, horns 2, cold-blooded, AC +5
a: End Transformation


You were on level 2 of the Dungeon.
You were not hungry.
You had grown temporary horns.
You visited 1 branch of the dungeon, and saw 2 of its levels.

You collected 126 gold pieces.

Inventory:

Missiles
 a - 91 arrows
Jewellery
 l - a ring of resist corrosion (left hand)
Scrolls
 f - 3 scrolls of teleportation {unknown}
 i - a scroll of remove curse {unknown}
 j - a scroll of noise {unknown}
 n - a scroll of fog {unknown}
Potions
 d - a potion of haste {unknown}
 e - a potion of brilliance {unknown}
 g - a potion of curing {unknown}
 h - a potion of degeneration {unknown}
 m - 2 potions of invisibility {unknown}
Books
 b - a book of Changes

   Spells                             Type                      Level
   a - Beastly Appendage              Transmutation                1
   b - Sticks to Snakes               Transmutation                2
   c - Spider Form                    Transmutation/Poison         3
   d - Ice Form                       Ice/Transmutation            4
   e - Blade Hands                    Transmutation                5
Comestibles
 c - a ration
 k - 6 chunks of flesh


   Skills:
 - Level 1.1 Fighting
 - Level 1.7 Dodging
 + Level 3.8 Unarmed Combat
 - Level 2.0 Spellcasting
 + Level 3.0 Transmutations
 * Level 1.0 Poison Magic


You couldn't memorise any spells.
You knew the following spells:

 Your Spells              Type           Power        Failure   Level  Hunger
a - Beastly Appendage     Tmut           #.....       7%          1    ##.....
b - Sticks to Snakes      Tmut           #.......     11%         2    ###....
c - Spider Form           Tmut/Pois      #.........   30%         3    ####...


Dungeon Overview and Level Annotations

Branches:
Dungeon (2/15)

Altars:
Vehumet


Innate Abilities, Weirdness & Mutations

Your plain brown scales are hard. (AC +5)
You cannot fit into any form of body armour.
You are cold-blooded and may be slowed by cold attacks.
You have a pair of horns on your head.


Message History

Something hits you but does no damage.
You miss something.
Your tail-slap misses something.
Something hits you but does no damage.
You barely miss something. You closely miss something. Something hits you.
* * * LOW HITPOINT WARNING * * *
You barely miss something. Something hits you.
* * * LOW HITPOINT WARNING * * *
A kobold comes into view.
Casting: Spider Form
Confirm with . or Enter, or press ? or * to list all spells.
You grow a pair of large bovine horns.
The kobold shouts!
Something hits you but does no damage.
The kobold throws a stone.
The stone closely misses you.
You hit something.
You hear some strange, mumbled words.
A puff of flame appears from out of thin air!
The puff of flame hits you!
You die...

.... #... # ###
#..## .# #.. ....
.#. #.# #$o##....
#.# #?.K... #.#
#...# ##.###..##
##...@)[..#
#...####......
#.........<..#
#...####.#.#.#
##..# ###..#
#..##.## #.#
###########......#
.#
#............####.#
#.#########..#


You could see a kobold.

Vanquished Creatures
  A gnoll (D:1)
  An ooze (D:1)
  2 dart slugs (D:1)
  3 orcs (D:2)
  2 giant cockroaches
  2 goblins
  4 hobgoblins
  7 kobolds
  A ball python (D:1)
  4 bats (D:1)
  2 frilled lizards (D:1)
  5 rats
34 creatures vanquished.

Notes
Turn   | Place    | Note
-------+----------+-------------------------------------------
     0 | D:1      | lemonriz the Draconian Transmuter began the quest for the Orb.
     0 | D:1      | Reached XP level 1. HP: 16/16 MP: 3/3
   266 | D:1      | Reached XP level 2. HP: 20/23 MP: 5/5
   313 | D:1      | Learned a level 2 spell: Sticks to Snakes
   739 | D:1      | HP: 1/23 [gnoll/spear (8)]
   780 | D:1      | HP: 1/23 [gnoll/spear (3)]
   932 | D:2      | Reached XP level 3. HP: 14/28 MP: 2/6
   940 | D:2      | Learned a level 3 spell: Spider Form
  1245 | D:2      | Found a radiant altar of Vehumet.
  1341 | D:2      | Reached skill level 1 in Poison Magic
  1363 | D:2      | Killed from afar by an orc wizard

Vault maps used:
D:1:      dpeg_arrival_tiny_k
D:2:      overflow_temple_1_default, first_ration,
          chequers_ecumenical_altar_simple, hex_tiny, uniq_robin

Skill      XL: |  1  2  3 |
---------------+----------+-----
Transmutations | 3 |  3.0
Poison Magic   | 1 |  1.0
Fighting       | |  1.1
Dodging        | |  1.7
Unarmed Combat | |  3.8
Spellcasting   | |  2.0

Action                   || total
-------------------------++-------
Melee: Unarmed           ||   147
       Tailslap          ||    16
       Punch             ||     4
 Cast: Beastly Appendage ||     2
       Sticks to Snakes  ||     1
       Spider Form       ||     2
 Stab: Sleeping          ||     1
  Eat: Chunk             ||     2
Armor: Skin              ||    37
Dodge: Dodged            ||   104

Table legend:
 A = Spawn XP
 B = Non-spawn XP
 C = Spawn XP percentage of total XP
 D = Spawn monster count
 E = Non-spawn monster count
 F = Spawn count percentage of total count
 G = Total turns spent on level
                    A         B        C        D         E        F      G
               +---------+---------+-------+---------+---------+-------+---------
         Total |       0 |      78 |   0.0 |       0 |      34 |   0.0 |  1363
               +---------+---------+-------+---------+---------+-------+---------
           D:1 |       0 |      58 |   0.0 |       0 |      24 |   0.0 |   910
           D:2 |       0 |      20 |   0.0 |       0 |      10 |   0.0 |   453
               +---------+---------+-------+---------+---------+-------+---------
